 Dungeon Crawl Stone Soup version 0.31-a0-1591-g515db51633 (webtiles) character file.

Game seed: 7403400805785336077

119343 avis the Spry (level 16, -11/85 HPs)
             Began as a Felid Shapeshifter on Dec 31, 2023.
             Was an Initiate of Gozag.
             Killed by the air
             ... invoked by a wind drake
              (24 damage)
             ... on level 3 of the Shoals on Jan 6, 2024.
             The game lasted 05:41:13 (38781 turns).

avis the Spry (Felid Shapeshifter)                 Turns: 38781, Time: 05:41:13

Health: -11/85     AC:  3    Str: 10    XL:     16   Next: 27%
Magic:  27/39      EV: 52    Int: 23    God:    Gozag
Gold:   3762       SH:  0    Dex: 24    Spells: 0/33 levels left
                                        Lives:  0   Deaths: 6

rFire   . .          .
                       - Unarmed
rCold   + + .        (shield unavailable)
rNeg    + . .        (body armour unavailable)
rPois   .            (helmet unavailable)
rElec   +            (cloak unavailable)
rCorr   +            (gloves unavailable)
SInv    +            (boots unavailable)
Will    ++...        w - amulet "Ufumuvota" {Acrobat rElec rC+ rN+ Int+3}
Stlth   ++           b - ring "Toudowi" {MP+9 Dex+6}
HPRegen 0.34/turn    r - ring of Xom's Sleight of Hands {Fly rCorr}
MPRegen 0.26/turn

%: acrobat
@: flux-form, acrobatic, flying, very slightly contaminated, glowing
A: glow, contaminating, very small, claws 1, fangs 3, see invisible, shaggy fur
3, stealthy paws, no weapons or thrown items, no armour, multi-lived, noise
suppression
a: Begin Untransformation, Renounce Religion, Potion Petition, Call Merchant,
Bribe Branch


You were on level 3 of the Shoals.
You worshipped Gozag.
Gozag was most pleased with you.
You were something dangerously unstable.
You visited 5 branches of the dungeon, and saw 25 of its levels.
You also visited: Sewer and Gauntlet.

You collected 9846 gold pieces.
You spent 5298 gold pieces at shops.
You paid 786 gold pieces to Gozag.

Inventory:

Jewellery
 b - the ring "Toudowi" (left paw) {MP+9 Dex+6}
   (You bought it in a shop on level 1 of the Lair of Beasts)

   [ring of dexterity]

   Dex+6:     It affects your dexterity (+6).
   MP+9:      It affects your magic capacity (+9).
 d - the ring of Divine Intervention {rF+ Will+ Str-4 Int+2}
   (You bought it in a shop on level 8 of the Dungeon)

   [ring of protection from fire]

   Str-4:     It affects your strength (-4).
   Int+2:     It affects your intelligence (+2).
   rF+:       It protects you from fire.
   Will+:     It increases your willpower.
 r - the ring of Xom's Sleight of Hands (right paw) {Fly rCorr}
   (You found it in a sewer)

   [ring of flight]

   Fly:       It grants you flight.
   rCorr:     It protects you from acid and corrosion.
 v - a +4 ring of slaying
 w - the amulet "Ufumuvota" (around neck) {Acrobat rElec rC+ rN+ Int+3}
   (You bought it in a shop on level 2 of the Orcish Mines)

   [amulet of the acrobat]

   Acrobat:   It increases your evasion while moving and waiting.
   Int+3:     It affects your intelligence (+3).
   rC+:       It protects you from cold.
   rElec:     It insulates you from electricity.
   rN+:       It protects you from negative energy.
 z - the ring "Wacuen" {rElec rC+ Str+2 Dex+2}
   (You found it on level 1 of the Shoals)

   [ring of protection from cold]

   Str+2:     It affects your strength (+2).
   Dex+2:     It affects your dexterity (+2).
   rC+:       It protects you from cold.
   rElec:     It insulates you from electricity.
Talismans
 f - a flux talisman (active)
 s - a serpent talisman
 G - a granite talisman
 X - a talisman of death
Wands
 e - a wand of polymorph (6)
 i - a wand of paralysis (14)
 l - a wand of flame (10)
 y - a wand of iceblast (12)
Scrolls
 a - 2 scrolls of revelation
 c - 6 scrolls of blinking
 h - 10 scrolls of teleportation
 n - 7 scrolls of fog
 x - 3 scrolls of summoning
Potions
 k - a potion of berserk rage
 o - a potion of might
 p - a potion of brilliance
 q - 2 potions of enlightenment
 t - 3 potions of cancellation
 u - a potion of resistance


   Skills:
 - Level 10.0 Fighting
 - Level 15.0 Dodging
 - Level 10.0 Stealth
 - Level 10.0 Unarmed Combat
 - Level 9.0 Spellcasting
 - Level 10.0 Hexes
 - Level 12.2 Summonings
 - Level 4.0 Necromancy
 - Level 10.0 Translocations
 * Level 12.4 Shapeshifting


You couldn't memorise any spells.
You knew the following spells:

 Your Spells              Type           Power      Damage    Failure   Level
b - Blink                 Tloc           100%       N/A       1%          2
f - Summon Forest         Summ/Tloc      28%        N/A       1%          5
i - Vhi's Electric Charg  Tloc/Air       66%        N/A       8%          4
k - Martyr's Knell        Necr/Summ      47%        N/A       2%          4
v - Summon Mana Viper     Hex/Summ       57%        N/A       1%          5
C - Summon Cactus Giant   Summ           30%        N/A       6%          6
G - Monstrous Menagerie   Summ           30%        N/A       34%         7

Your spell library contained the following spells:

 Spells                   Type           Power      Damage    Failure   Level
 Necrotise                Necr           100%       1d9       1%          1
 Call Imp                 Summ           100%       N/A       1%          2
 Jinxbite                 Hex            100%       N/A       1%          2
 Sublimation of Blood     Necr           29%        N/A       1%          2
 Summon Ice Beast         Ice/Summ       38%        N/A       1%          3
 Teleport Other           Tloc           54%        N/A       1%          3
 Dazzling Flash           Conj/Hex       66%        N/A       2%          3
 Vampiric Draining        Necr           29%        2d8       3%          3
 Foxfire                  Conj/Fire      40%        2x1d6     6%          1
 Magic Dart               Conj           40%        1d5       6%          1
 Scorch                   Fire           20%        2d5       10%         2
 Dispersal                Tloc           27%        N/A       16%         6
 Mephitic Cloud           Conj/Alch/Air  10%        N/A       19%         3
 Passwall                 Erth           10%        N/A       19%         3
 Stone Arrow              Conj/Erth      20%        3d8       19%         3
 Silence                  Hex/Air        16%        N/A       22%         5
 Yara's Violent Unravell  Hex/Alch       16%        3d8       22%         5
 Curse of Agony           Necr           29%        N/A       32%         5
 Summon Hydra             Summ           30%        N/A       34%         7
 Flame Wave               Conj/Fire      10%        2d6       52%         4
 Petrify                  Alch/Erth      10%        N/A       52%         4
 Enfeeble                 Hex            27%        N/A       65%         7
 Arcjolt                  Conj/Air       5%         1d15      86%         5
 Irradiate                Conj/Alch      5%         3d13      86%         5
 Bombard                  Conj/Erth      5%         9d2       100%        6
 Eringya's Noxious Bog    Alch           5%         4d6       100%        6
 Plasma Beam              Fire/Air       5%         2x1d15    100%        6
 Starburst                Conj/Fire      5%         6d4       100%        6


Dungeon Overview and Level Annotations

Branches:
Dungeon (13/15)            Temple (1/1) D:7            Lair (5/5) D:8
 Shoals (4/4) Lair:2        Snake (0/4) Lair:2        Slime (0/5) Lair:5
    Orc (2/2) D:11            Elf (0/3) Orc:2         Sewer (visited)
Gauntlet (visited)
 Vaults: D:13-14

Altars:
Ashenzari
Cheibriados
Dithmenos
Elyvilon
Fedhas
Gozag
Hepliaklqana
Kikubaaqudgha
Makhleb
Nemelex Xobeh
Okawaru
Qazlal
Ru
Sif Muna
Trog
Uskayaw
Vehumet
Wu Jian
Xom
Yredelemnul
Zin
The Shining One
Jiyva

Shops:
D:2 :   D:4 (   D:8 *   D:11 *   Orc:2 ==?[   Lair:1 =   Shoals:2 *[

Portals:
Hell: Lair:5
Trove: D:10 (give 6 scrolls of fear)

Annotations:
D:1 Need passwall
Shoals:2 3 runed translucent doors, exclusion: obsidian statue, Koceploe's ghost, adept MfGl


Innate Abilities, Weirdness & Mutations

You are something dangerously unstable.
You glow with magical radiation, making you easy to see and hit.
Foes you strike become dangerously contaminated with magical radiation.
You have sharp claws.
You have razor-sharp teeth.
You have supernaturally acute eyesight. (SInv)
Your thick and shaggy fur keeps you warm. (AC +3, rC+)
Your paws help you pounce on unaware monsters.
You are incapable of wielding weapons or throwing items.
You cannot wear armour.
You gain extra lives every three experience levels.
You passively dampen the noise of your surroundings.


Message History

You collide with the plant!
The plant begins to die.
The plant is lightly damaged.
The wind drake flaps its wings at you. The air twists around and strikes you!
The wind drake flaps its wings at you. The air twists around and strikes you!
Found a scroll of revelation.
The wind drake flaps its wings at you. The air twists around and strikes you!
* * * LOW HITPOINT WARNING * * *
There is a stone staircase leading up here.
The wind drake misses you.
You fly upwards.
There is a stone staircase leading down here.
You scratch the wind drake but do no damage.
The wind drake begins to glow.
The wind drake bites you but does no damage.
You scratch the wind drake.
The wind drake glows dangerously bright.
The wind drake is lightly wounded.
The wind drake exhales a fierce blast of wind!
You are knocked back by the gust of wind.
You slam into the rock wall!
* * * LOW HITPOINT WARNING * * *
Casting: Summon Mana Viper (dangerous; 1% risk of failure)
Confirm with . or Enter, or press ? or * to list all spells.
You blink.
Casting: Blink (safe; 1% risk of failure)
Confirm with . or Enter, or press ? or * to list all spells.
You miscast Summon Forest.
You are very lightly contaminated with residual magic.
Nothing appears to happen.
Casting: Summon Forest (dangerous; 1% risk of failure)
Confirm with . or Enter, or press ? or * to list all spells.
You swap places.
You feel ready to blink again. The wind drake flaps its wings at you.
The air twists around and strikes you!!
You die...
Your body crumbles into a pile of gold.

...~~~~..~~~~~~~~≈~~~P~PP~......~
.#>~~~...~~~~~~~~≈≈≈≈≈~~P~~.....~
..~~~....~~~~~~~~~≈≈≈≈≈P~~~~~~...
~~~~~~...~~~~~...~≈≈≈≈≈≈≈~~~~~...
~~~~~~....~~~~...~≈≈≈≈≈≈≈≈≈~~~~..
~~~~~~...>~~~~.##~≈≈≈≈≈≈≈≈≈≈≈~~..
≈≈≈~~~.###.~~~...~≈≈≈≈≈≈≈≈≈≈≈≈~.)
≈≈≈~~~..##..~~kC~~~≈≈≈≈≈≈≈≈≈≈≈~~~
≈≈≈~~~..##..~~~~p~~≈≈≈≈≈≈≈≈≈≈≈≈~~
≈≈≈~~~......~~~~~~≈≈≈≈≈≈≈≈≈≈≈≈≈≈~
≈≈≈≈~~....~~~~~≈≈≈≈≈≈≈≈≈≈≈≈≈≈≈≈≈≈
≈≈≈≈~~~~~~~~~≈≈≈≈≈≈≈≈≈≈≈≈≈≈≈≈≈≈≈≈
≈≈≈≈≈~~~~~~~≈≈≈≈≈≈≈≈≈≈≈≈≈≈≈≈≈≈≈≈≈
≈≈≈≈≈≈~~~~≈≈≈≈≈≈≈≈≈≈≈≈≈≈≈≈≈≈≈≈≈≈≈
≈≈≈≈≈≈≈≈≈≈≈≈≈≈≈≈≈≈≈≈≈≈≈≈≈≈≈≈≈≈≈≈≈
≈≈≈≈≈≈≈≈≈≈≈≈≈≈≈≈≈≈≈≈≈≈≈≈≈≈≈≈≈≈≈≈≈
≈≈≈≈≈≈≈≈≈≈≈≈≈≈≈≈≈≈≈≈≈≈≈≈≈≈≈≈≈≈≈≈≈


You could see a wind drake (repels missiles, heavy contam, ally target) and a
friendly cactus giant (summoned).

Vanquished Creatures
  A kraken (Shoals:4)
  A minotaur (Gauntlet)
  2 dire elephants (Lair:5)
  An ettin (Orc:2)
  A merfolk impaler (Shoals:2)
  A vault guard (D:10)
  A catoblepas (Lair:4)
  A hydra (Lair:5)
  A merfolk avatar (Shoals:4)
  13 death yaks
  A centaur warrior (Shoals:2)
  2 two-headed ogres
  A boulder beetle (Lair:3)
  A sun demon (Lair:5)
  Nergalle (Lair:3)
  Sonja (Lair:3)
  Amaemon (Lair:3)
  2 skysharks
  An arcanist (Lair:5)
  A lindwurm (Lair:4)
  2 orc knights
  Pikel (D:6)
  3 manticores
  A slime creature (D:12)
  24 elephants
  A merfolk siren (Shoals:3)
  9 black mambas
  A gargoyle (D:10)
  16 cane toads
  Jeremiah (D:6)
  5 komodo dragons
  3 unseen horrors
  An orange demon (Lair:2)
  4 rime drakes
  An ice devil (Lair:5)
  Psyche (D:9)
  2 trolls
  4 merfolk
  3 polar bears
  A hornet (D:7)
  Grinder (D:4)
  3 saltlings (Orc:2)
  13 blink frogs
  8 dream sheep
  A centaur simulacrum (Gauntlet)
  29 yaks
  3 wyverns
  A shadow (D:12)
  2 wraiths
  A steam dragon (D:9)
  6 basilisks
  4 wargs
  Menkaure (D:4)
  Edmund (D:6)
  An acid dragon (D:9)
  3 nagas (Lair:2)
  15 water moccasins
  3 hell hounds (Lair:5)
  2 sky beasts
  4 ice beasts
  2 orc warriors (Orc:1)
  4 centaurs
  An ogre (D:4)
  10 wolves
  A phantom (D:5)
  3 nameless horrors
  2 kobold brigands
  12 bullfrogs
  A cane toad simulacrum (Lair:3)
  6 scorpions
  7 wights
  2 elephant simulacra (Lair:3)
  7 killer bees
  4 electric eels
  A howler monkey (D:6)
  3 bombardier beetles
  5 jellies
  5 orc priests
  A gnoll bouda (D:5)
  4 hounds
  10 orc wizards
  2 sleepcaps
  Natasha (twice) (D:4)
  A polar bear simulacrum (Lair:3)
  Robin (D:3)
  8 gnolls
  15 adders
  2 shadow imps
  2 white imps (D:5)
  4 dart slugs
  36 orcs
  11 ball pythons
  6 endoplasms
  17 giant cockroaches
  17 goblins
  9 hobgoblins
  2 jackals (D:1)
  13 kobolds
  5 quokkas
  4 bats
  9 frilled lizards (Sewer)
  9 rats
  2 butterflies (Lair:3)
489 creatures vanquished.

Vanquished Creatures (collateral kills)
  Nikola (Shoals:3)
  The ghost of Cyneqa the Peltast, an adept MiBe of Trog (Shoals:1)
  2 orc warlords (Orc:2)
  2 merfolk impalers (Shoals:4)
  Josephine (Orc:2)
  An alligator snapping turtle (Shoals:4)
  A boulder beetle (D:13)
  A centaur warrior (D:13)
  A merfolk aquamancer (Shoals:3)
  2 satyrs
  An orc high priest (Orc:2)
  4 skysharks
  A soul eater (Gauntlet)
  11 sea snakes
  4 orc knights
  10 harpies
  3 manticores
  9 fauns
  3 orc sorcerers (Orc:2)
  3 cyclopes
  3 merfolk sirens
  2 ugly things
  A kobold blastminer (Orc:2)
  3 water nymphs
  A cane toad (shapeshifter) (D:13)
  2 orange demons (Lair:5)
  A smoke demon (Lair:5)
  2 gargoyles (D:12)
  An efreet (D:13)
  2 red devils (Lair:5)
  4 trolls
  A queen bee (shapeshifter) (D:13)
  5 harpy zombies (Shoals:3)
  19 merfolk
  5 wind drakes
  6 saltlings (Orc:2)
  2 dream sheep (Shoals:2)
  3 snapping turtles
  5 wraiths
  5 slime creatures (D:12)
  A shadow (D:11)
  5 water elementals
  A warg (Orc:2)
  3 vampire mosquitoes (D:12)
  A steam dragon (D:9)
  An acid dragon (D:11)
  A hell hound (Lair:5)
  23 orc warriors
  A manticore zombie (Shoals:3)
  6 ogres
  3 centaurs (D:13)
  A gnoll sergeant (D:11)
  8 killer bees
  2 nameless horrors
  3 electric eels (D:11)
  13 orc priests
  12 orc wizards
  4 gnolls (D:11)
  3 shadow imps (Gauntlet)
  50 orcs
  A bat zombie (Shoals:3)
  3 tentacles (Shoals:4)
281 creatures vanquished.

Vanquished Creatures (others)
  2 killer bees (D:9)
  A jelly (Lair:5)
  12 snaplasher vines
  7 tentacles (Shoals:4)
22 creatures vanquished.

Grand Total: 792 creatures vanquished

Notes
Turn   | Place    | Note
-------+----------+-------------------------------------------
     0 | D:1      | avis the Felid Shapeshifter began the quest for the Orb.
     0 | D:1      | Reached XP level 1. HP: 10/10 MP: 2/2
     9 | D:1      | Noticed a centaur
    68 | D:1      | Reached XP level 2. HP: 12/14 MP: 3/3
   537 | D:1      | Reached XP level 3. HP: 18/18 MP: 4/4
   985 | D:2      | Reached skill level 3 in Dodging
  1142 | D:2      | Reached XP level 4. HP: 12/23 MP: 5/5
  1142 | D:2      | Gained a life (2 lives remaining)
  1578 | D:2      | Found Pohio's Book Shop.
  2157 | D:3      | HP: 1/24 [burnt (5)]
  2158 | D:3      | Reached skill level 4 in Dodging
  2158 | D:3      | Gained mutation: You passively dampen the noise of your
                  | surroundings. [potion of mutation]
  2158 | D:3      | Incinerated by a bombardier beetle
  2158 | D:3      | Lost a life (1 life remaining)
  2379 | D:3      | Reached XP level 5. HP: 28/28 MP: 6/6
  2490 | D:3      | Noticed Robin
  2520 | D:3      | Killed Robin
  2845 | D:3      | Incinerated by a bombardier beetle
  2845 | D:3      | Lost a life (0 lives remaining)
  3364 | D:4      | Noticed Grinder
  3476 | D:4      | Reached skill level 5 in Shapeshifting
  3476 | D:4      | Gained mutation: You are covered in thick fur. (AC +2)
                  | [Felid growth]
  3476 | D:4      | Reached XP level 6. HP: 9/32 MP: 7/7
  3512 | D:4      | Found a glowing drain.
  3532 | Sewer    | Entered a sewer
  3972 | Sewer    | Identified the ring of Xom's Sleight of Hands {Fly rCorr}
  4073 | D:4      | Reached XP level 7. HP: 38/38 MP: 8/8
  4073 | D:4      | Gained a life (1 life remaining)
  4081 | D:4      | Noticed Menkaure
  4083 | D:4      | Reached skill level 5 in Fighting
  4090 | D:4      | Killed Menkaure
  4091 | D:4      | Reached skill level 5 in Dodging
  4225 | D:4      | Noticed Natasha
  4230 | D:4      | Killed Natasha
  4231 | D:4      | Reached skill level 6 in Dodging
  4255 | D:4      | Found Qofeell's Antique Weapon Boutique.
  4354 | D:4      | Killed Grinder
  4355 | D:4      | Reached XP level 8. HP: 18/43 MP: 9/9
  4757 | D:4      | Noticed Natasha
  4765 | D:4      | Killed Natasha
  4840 | D:4      | Found a sacrificial altar of Ru.
  4875 | D:4      | Found a snail-covered altar of Cheibriados.
  4892 | D:5      | Entered Level 5 of the Dungeon
  5032 | D:4      | Reached skill level 5 in Unarmed Combat
  5118 | D:5      | Reached skill level 1 in Stealth
  6200 | D:5      | Reached skill level 5 in Stealth
  6557 | D:6      | Reached XP level 9. HP: 45/48 MP: 10/10
  6816 | D:6      | Noticed Pikel
  6822 | D:6      | Killed Pikel
  6908 | D:6      | Noticed Jeremiah
  6912 | D:6      | Killed Jeremiah
  6985 | D:6      | Noticed Edmund
  6993 | D:6      | Killed Edmund
  7124 | D:6      | Reached skill level 7 in Dodging
  7592 | D:7      | Paralysed by a hornet for 3 turns
  7594 | D:7      | Slain by a hornet
  7594 | D:7      | Lost a life (0 lives remaining)
  7608 | D:7      | Reached skill level 8 in Dodging
  7648 | D:7      | Reached skill level 9 in Dodging
  7786 | D:6      | Reached XP level 10. HP: 53/55 MP: 11/11
  7786 | D:6      | Gained a life (1 life remaining)
  7898 | D:7      | Found a staircase to the Ecumenical Temple.
  7903 | Temple   | Entered the Ecumenical Temple
  7910 | Temple   | Became a worshipper of Gozag Ym Sagoz the Greedy
  8401 | D:8      | Noticed a two-headed ogre
  8729 | D:8      | Found a staircase to the Lair.
  9031 | D:8      | Found Ysu Rysu's Fire Supplies.
  9223 | D:8      | Killed a two-headed ogre
  9375 | Lair:1   | Entered Level 1 of the Lair of Beasts
  9688 | Lair:1   | Noticed a cane toad
  9703 | Lair:1   | Killed a cane toad
  9704 | Lair:1   | Noticed a cane toad
  9815 | Lair:1   | Reached skill level 10 in Shapeshifting
  9833 | Lair:1   | Reached XP level 11. HP: 16/58 MP: 12/12
 10038 | Lair:1   | Reached skill level 10 in Dodging
 10191 | Lair:1   | Reached skill level 11 in Dodging
 11131 | Lair:2   | Reached skill level 12 in Dodging
 11427 | Lair:2   | Found a staircase to the Shoals.
 12251 | Lair:2   | Reached skill level 10 in Fighting
 12256 | Lair:2   | Found a staircase to the Snake Pit.
 12759 | Lair:3   | HP: 4/94 [poisoned by an orange demon]
 12759 | Lair:3   | Slain by a wolf
 12759 | Lair:3   | Lost a life (0 lives remaining)
 12795 | Lair:2   | Upgraded the game from 0.31-a0-1529-g7bd419a0e5 to
                  | 0.31-a0-1540-g5a0b83f448
 12800 | Lair:2   | Learned a level 4 spell: Martyr's Knell
 13350 | Lair:3   | Noticed Sonja
 13353 | Lair:3   | Killed Sonja
 13354 | Lair:3   | Gained mutation: Your thick and shaggy fur keeps you warm.
                  | (AC +3, rC+) [Felid growth]
 13354 | Lair:3   | Reached XP level 12. HP: 67/67 MP: 13/13
 13857 | Lair:3   | Noticed a death yak
 13883 | Lair:2   | Killed a death yak
 14183 | Lair:3   | Noticed Nergalle
 14194 | Lair:3   | Killed Nergalle
 14195 | Lair:3   | Reached skill level 10 in Unarmed Combat
 14208 | Lair:3   | Noticed Amaemon
 14229 | Lair:3   | Killed Amaemon
 14241 | Lair:3   | Noticed a boulder beetle
 14252 | Lair:3   | Killed a boulder beetle
 14476 | Lair:3   | Reached skill level 10 in Stealth
 14552 | Lair:3   | Noticed a death yak
 14552 | Lair:3   | Noticed a death yak
 14564 | Lair:3   | Killed a death yak
 14573 | Lair:3   | Killed a death yak
 14634 | Lair:3   | Noticed a death yak
 14637 | Lair:3   | Noticed a death yak
 14659 | Lair:3   | Killed a death yak
 14660 | Lair:3   | Reached skill level 13 in Dodging
 14731 | Lair:3   | Noticed a death yak
 14731 | Lair:3   | Noticed a death yak
 14753 | Lair:3   | Killed a death yak
 14764 | Lair:3   | Killed a death yak
 14769 | Lair:3   | Killed a death yak
 14770 | Lair:3   | Reached skill level 14 in Dodging
 15196 | Lair:4   | Reached skill level 15 in Dodging
 15490 | Lair:4   | Reached skill level 1 in Spellcasting
 15502 | Lair:4   | Reached skill level 1 in Necromancy
 15502 | Lair:4   | Reached XP level 13. HP: 72/72 MP: 15/15
 15502 | Lair:4   | Gained a life (1 life remaining)
 15709 | Lair:4   | Reached skill level 1 in Summonings
 16893 | Lair:1   | Learned a level 5 spell: Summon Forest
 16905 | Lair:1   | Bought the ring "Toudowi" {MP+9 Dex+6} for 866 gold pieces
 17286 | Lair:5   | Entered Level 5 of the Lair of Beasts
 17463 | Lair:5   | Found a staircase to the Slime Pits.
 17463 | Lair:5   | Found a viscous altar of Jiyva.
 17741 | Lair:3   | Reached skill level 1 in Translocations
 17765 | Lair:4   | Reached skill level 5 in Summonings
 18436 | Lair:5   | Identified the +0 rapier of the Enfolding Gods {flame, rF+}
 18783 | Lair:4   | Reached skill level 5 in Translocations
 19778 | Lair:5   | Noticed a dire elephant
 19796 | Lair:5   | Killed a dire elephant
 19797 | Lair:5   | Reached XP level 14. HP: 22/77 MP: 21/21
 20408 | Lair:5   | Learned a level 5 spell: Summon Mana Viper
 20633 | Lair:5   | Found a burning altar of Makhleb.
 21447 | Lair:5   | Found a gateway to Hell.
 21648 | Lair:1   | Bought a talisman of death for 1120 gold pieces
 22144 | D:9      | Found a shadowy altar of Dithmenos.
 22194 | D:9      | Noticed Psyche
 22214 | D:9      | Killed Psyche
 22820 | D:9      | Identified the +4 mace "Zyawk" {flame, rC+ Will+ Int+2}
 23142 | D:10     | Entered Level 10 of the Dungeon
 23250 | D:10     | Identified the +3 rapier "Nyreume" {freeze, rPois Dex+4}
 23272 | D:10     | Reached skill level 10 in Summonings
 23573 | D:10     | Found a portal to a secret trove of treasure.
 23749 | D:10     | Reached skill level 10 in Translocations
 23905 | D:11     | HP: 2/77 [acid dragon/splash of acid (31)]
 23918 | D:11     | Reached skill level 1 in Hexes
 24525 | D:11     | Found a staircase to the Orcish Mines.
 24576 | D:11     | Learned a level 7 spell: Monstrous Menagerie
 25078 | D:11     | Found Affoupont's Assorted Antiques.
 25101 | D:11     | Bought a potion of might for 112 gold pieces
 25101 | D:11     | Bought a potion of brilliance for 112 gold pieces
 25101 | D:11     | Bought a potion of enlightenment for 140 gold pieces
 25101 | D:11     | Bought a scroll of teleportation for 84 gold pieces
 25101 | D:11     | Bought a scroll of blinking for 210 gold pieces
 25101 | D:11     | Bought 2 potions of curing for 168 gold pieces
 25430 | D:11     | Reached skill level 5 in Spellcasting
 25640 | Orc:1    | Entered Level 1 of the Orcish Mines
 25946 | Orc:2    | Entered Level 2 of the Orcish Mines
 25974 | Orc:2    | Noticed an orc warlord
 25993 | Orc:2    | Killed an orc warlord
 26032 | Orc:2    | Reached skill level 5 in Hexes
 26335 | Orc:2    | Found a staircase to the Elven Halls.
 26366 | Orc:2    | Upgraded the game from 0.31-a0-1540-g5a0b83f448 to
                  | 0.31-a0-1549-g5ff9445e89
 27346 | Orc:2    | Noticed Josephine
 27365 | Orc:2    | Killed Josephine
 27476 | Orc:2    | Upgraded the game from 0.31-a0-1549-g5ff9445e89 to
                  | 0.31-a0-1570-g93c622d222
 27775 | Orc:2    | Found Bish's Armour Boutique.
 27867 | Orc:2    | Noticed an orc warlord
 27893 | Orc:2    | Reached skill level 10 in Hexes
 27894 | Orc:2    | Reached XP level 15. HP: 32/80 MP: 9/25
 28143 | Orc:2    | Found Cetsiv's Jewellery Shoppe.
 28148 | Orc:2    | Found Tekaq's Magic Scroll Shoppe.
 28162 | Orc:2    | Bought a scroll of acquirement for 520 gold pieces
 28162 | Orc:2    | Bought a scroll of fog for 40 gold pieces
 28162 | Orc:2    | Bought a scroll of teleportation for 30 gold pieces
 28162 | Orc:2    | Bought a scroll of noise for 10 gold pieces
 28172 | Orc:2    | Found Luef's Jewellery Shoppe.
 28228 | Orc:2    | Bought the amulet "Ufumuvota" {Acrobat rElec rC+ rN+ Int+3}
                  | for 799 gold pieces
 28567 | Lair:1   | Acquired 941 gold pieces
 28575 | Lair:1   | Learned a level 3 spell: Summon Ice Beast
 28758 | D:12     | Found a gate leading to a gauntlet.
 28767 | Gauntlet | Entered a Gauntlet
 28767 | Gauntlet | Found a transporter.
 28772 | Gauntlet | Found a transporter.
 28776 | Gauntlet | Found a transporter.
 28781 | Gauntlet | Found a transporter.
 28789 | Gauntlet | Found a transporter.
 28792 | Gauntlet | Found a transporter.
 28798 | Gauntlet | Found a transporter.
 28806 | Gauntlet | Found a transporter.
 28809 | Gauntlet | Found a transporter.
 28814 | Gauntlet | Found a transporter.
 28821 | Gauntlet | Found a transporter.
 28825 | Gauntlet | Found a transporter.
 28830 | Gauntlet | Found a transporter.
 28837 | Gauntlet | Found a transporter.
 29072 | Gauntlet | Identified the staff "Vifal" {rC+ rN+ Int+2 Necro}
 29212 | Gauntlet | Got Sif Muna's Discursus on Locality
 29217 | Gauntlet | Learned a level 2 spell: Blink
 29373 | D:12     | Acquired 1377 gold pieces
 30341 | D:13     | Identified the +4 trident of Yskatz Xaywk {venom, rPois
                  | rN++ Int-2 SInv}
 31239 | D:13     | Upgraded the game from 0.31-a0-1570-g93c622d222 to
                  | 0.31-a0-1576-ga3383bade6
 31594 | D:8      | Bought the ring of Divine Intervention {rF+ Will+ Str-4
                  | Int+2} for 367 gold pieces
 31676 | Shoals:1 | Entered Level 1 of the Shoals
 31805 | Shoals:1 | Found a runed translucent door.
 31810 | Shoals:1 | Noticed Cyneqa's ghost (adept MiBe)
 33162 | D:2      | Bought a book of Scorching for 360 gold pieces
 33394 | Shoals:1 | Learned a level 6 spell: Summon Cactus Giant
 33525 | Shoals:2 | Found Jaosm's Antique Armour Shoppe.
 34608 | Shoals:2 | Found a runed translucent gate.
 34608 | Shoals:2 | Found a runed translucent gate.
 34608 | Shoals:2 | Found a runed translucent gate.
 34609 | Shoals:2 | Found an opulent altar of Gozag.
 34609 | Shoals:2 | Found Fobedwex's Assorted Antiques.
 34610 | Shoals:2 | Noticed Koceploe's ghost (adept MfGl)
 35098 | D:2      | Bought the Elucidation of Oromancy for 360 gold pieces
 35296 | Shoals:1 | Killed Cyneqa's ghost
 35309 | Shoals:1 | Identified the ring "Wacuen" {rElec rC+ Str+2 Dex+2}
 35475 | Lair:1   | Upgraded the game from 0.31-a0-1576-ga3383bade6 to
                  | 0.31-a0-1589-g8f5e8aebd6
 35878 | Shoals:3 | Noticed Nikola
 35895 | Shoals:3 | HP: 2/80 [Nikola/arc of chain lightning (33)]
 35904 | Shoals:3 | Killed from afar by Nikola
 35904 | Shoals:3 | Lost a life (0 lives remaining)
 36961 | Shoals:3 | Reached XP level 16. HP: 85/85 MP: 27/29
 36961 | Shoals:3 | Gained a life (1 life remaining)
 37087 | Shoals:3 | Killed Nikola
 37178 | Shoals:3 | Learned a level 3 spell: Passwall
 37683 | Lair:1   | Upgraded the game from 0.31-a0-1589-g8f5e8aebd6 to
                  | 0.31-a0-1591-g515db51633
 37796 | Shoals:4 | Entered Level 4 of the Shoals
 38012 | Shoals:3 | Learned a level 4 spell: Vhi's Electric Charge
 38143 | Shoals:4 | Noticed a kraken
 38162 | Shoals:4 | Killed a kraken
 38768 | Shoals:4 | Killed from afar by a wind drake
 38768 | Shoals:4 | Lost a life (0 lives remaining)
 38781 | Shoals:3 | Killed from afar by a wind drake

Illustrated notes

Levels and vault maps discovered:
D:1:      evilmike_arrival_come_back, layout_basic,
          minmay_misc_feat_secret_circle
D:2:      layout_basic, serial_shops, shop, grunt_decor_resistance,
          hangedman_abyss_or_decor_stabs, minivault_5
D:3:      layout_loops_corners, uniq_robin
D:4:      layout_gridville, mainiacjoe_overflow_swirl, portal_sewer_entry_c,
          serial_shops, nicolae_shop_tiny_real_fake_doors, uniq_menkaure,
          uniq_grinder, uniq_natasha
D:5:      layout_basic, feat_on_display
D:6:      layout_basic, uniq_edmund, uniq_pikel, uniq_jeremiah
D:7:      layout_rooms, minmay_temple_entry_nine_rooms
D:8:      layout_loops_ring, erik_lair_orcish_takeover, nicolae_shop_fire_sale
          [nicolae_sub_dead_trees], chequers_serial_rivers_marsh
D:9:      layout_basic, grunt_dithmenos_smoke_and_mirrors,
          kennysheep_generic_room_13, uniq_psyche
D:10:     layout_roguey, enter_trove_5
D:11:     layout_long_grid, erik_orc_2, serial_shops, shop_coins
D:12:     layout_loops_ring, gauntlet_entry_generic, small_statue_alley_a
D:13:     layout_loops_ring
Temple:   nicolae_temple_bog_church
Lair:1:   layout_regular_city
Lair:2:   layout_concentric_octagons, elwin_shoals_entry_rooms,
          nicolae_snake_entry_squirm
Lair:3:   layout_regular_city, portal_ice_cave_entry_ice_simulacra,
          lemuel_fruit_fields, uniq_nergalle, uniq_amaemon, uniq_sonja
Lair:4:   layout_long_grid, minivault_26, minivault_27,
          nicolae_lair_grazing_beasts [nicolae_sub_lair_graze_edge,
          nicolae_sub_lair_graze_edge, nicolae_sub_lair_graze_edge,
          nicolae_sub_lair_graze_edge], serial_bayou_shore_b, lemuel_fruit_tree,
          infiniplex_staircase_pool
Lair:5:   evil_forest, layout_loops_ring, nicolae_slime_entry_field_trip
Shoals:1: layout_shoals, ebering_ghost_reflecting_pool
Shoals:2: layout_shoals, serial_shops, nicolae_shop_gibbet_a_chance,
          ebering_ghost_gozag
Shoals:3: layout_shoals, nicolae_shoals_undead_eyrie, uniq_nikola
Shoals:4: shoals_end_grunt_ice, layout_shoals, nzn_prometheus_bound
Orc:1:    layout_diamond_mine
Orc:2:    hellmonk_orc_salted, layout_caves, nicolae_orc_lava_room,
          uniq_josephine

Skill      XL: |  1  2  3  4  5  6  7  8  9 10 11 12 13 14 15 16 |
---------------+-------------------------------------------------+-----
Shapeshifting  | 3 5 7 10 11 12 | 12.4
Fighting       | 2 3 4 5 7 10 | 10.0
Dodging        | 3 4 6 9 12 15 | 15.0
Unarmed Combat | 4 5 7 8 10 | 10.0
Stealth        | 5 6 7 10 | 10.0
Spellcasting   | 1 4 6 8 9 |  9.0
Necromancy     | 1 4 |  4.0
Summonings     | 8 10 12 | 12.2
Translocations | 6 10 | 10.0
Hexes          | 10 | 10.0

Action                     |  1- 3 |  4- 6 |  7- 9 | 10-12 | 13-15 | 16-18 || total
---------------------------+-------+-------+-------+-------+-------+-------++-------
  Melee: Unarmed           |    77 |   217 |   341 |   679 |   776 |    28 ||  2118
         Bite              |     2 |    14 |    56 |   118 |   156 |     4 ||   350
         Punch             |       |     7 |     6 |     2 |       |       ||    15
   Cast: Martyr's Knell    |       |       |       |       |   111 |    10 ||   121
         Summon Forest     |       |       |       |       |    68 |     9 ||    77
         Summon Mana Viper |       |       |       |       |   103 |    14 ||   117
         Summon Cactus Gia |       |       |       |       |    27 |    13 ||    40
         Summon Ice Beast  |       |       |       |       |     2 |       ||     2
         Passwall          |       |       |       |       |       |     2 ||     2
         Blink             |       |       |       |       |       |     1 ||     1
 Invoke: Potion Petition   |       |       |       |     1 |       |       ||     1
         Call Merchant     |       |       |       |       |     1 |       ||     1
  Evoke: Wand              |       |       |     8 |    12 |    30 |       ||    50
    Use: Potion            |       |     7 |     2 |     5 |     9 |     1 ||    24
         Scroll            |       |       |       |    16 |    11 |     2 ||    29
   Stab: Sleeping          |     5 |     4 |       |     4 |     6 |       ||    19
         Invisible         |       |       |     4 |     1 |       |       ||     5
         Distracted        |       |       |       |     7 |    12 |     1 ||    20
 Armour: Skin              |    11 |    95 |    83 |   206 |   217 |    20 ||   632
  Dodge: Dodged            |    57 |   178 |   259 |   687 |  1066 |    63 ||  2310
   Form: Flux              |       |       |     1 |       |       |       ||     1

Table legend: (Time is in decaauts)
 A = Elapsed time spent in this place.
 B = Non-inter-level travel time spent in this place.
 C = Inter-level travel time spent in this place.
 D = Time resting spent in this place.
 E = Time spent auto-exploring this place.
 F = Levels seen in this place.
 G = Mean time per level.
                   A        B        C        D        E       F      G
               +--------+--------+--------+--------+--------+-----+--------+
         Total |  38695 |  33864 |   4831 |  10813 |   9838 |  27 | 1433.1 |
       Dungeon |  16281 |  13727 |   2554 |   3217 |   6422 |  13 | 1252.4 |
        Temple |    214 |    212 |      2 |    174 |      0 |   1 |  214.0 |
          Lair |  12462 |  10671 |   1791 |   4347 |   2315 |   5 | 2492.4 |
        Shoals |   5827 |   5497 |    330 |   2063 |    570 |   4 | 1456.8 |
  Orcish Mines |   2776 |   2624 |    152 |    640 |    509 |   2 | 1388.0 |
         Sewer |    530 |    530 |      0 |    170 |     22 |   1 |  530.0 |
      Gauntlet |    603 |    603 |      0 |    202 |      0 |   1 |  603.0 |
               +--------+--------+--------+--------+--------+-----+--------+

Top non-repeatable levels by time:
  Lair:2: 3060 daAuts
  Lair:5: 2821 daAuts
  Lair:4: 2718 daAuts
  Lair:1: 2052 daAuts
   Orc:2: 1871 daAuts
  Lair:3: 1809 daAuts
Shoals:2: 1788 daAuts
Shoals:1: 1736 daAuts
     D:9: 1587 daAuts
     D:5: 1565 daAuts
Shoals:3: 1504 daAuts
     D:4: 1439 daAuts
     D:8: 1431 daAuts
     D:2: 1408 daAuts
     D:3: 1407 daAuts
